 Dungeon Crawl Stone Soup version 0.27.1-1-g398f81649c (webtiles) character file.

Game seed: 9270824550210431720

473487 DearestLeader the Slayer (level 23, -2/238 HPs)
             Began as a Minotaur Berserker on Sept 3, 2021.
             Was a High Priest of Trog.
             Killed from afar by a Brimstone Fiend (31 damage)
             ... with damnation
             ... summoned by a deep elf demonologist
             ... on level 2 of the Depths on Sept 6, 2021.
             The game lasted 02:36:57 (67045 turns).

DearestLeader the Slayer (Minotaur Berserker)      Turns: 67045, Time: 02:36:58

Health: -2/238     AC: 33    Str: 28    XL:     23   Next: 58%
Magic:  7/7        EV: 18    Int:  8    God:    Trog [*****.]
Gold:   4077       SH: 22    Dex: 17    Spells: 22/22 levels left

rFire    + + .     SeeInvis +   n - +9 broad axe (antimagic)
rCold    + + +     Faith    .   e - +2 kite shield {rC+}
rNeg     + + .     Spirit   .   B - +8 plate armour of Devotion {rC+ Dex+5}
rPois    +         Reflect  +   p - +1 hat
rElec    .         Harm     .   k - scarf {rC+ rF+}
rCorr    +         Rampage  .   M - +0 pair of gloves
Will     +++..                  m - +0 pair of boots "Sugam" {+Blink rPois Str+4 Int-3}
Stlth    ..........             G - amulet of Juxuluin {Reflect rN+ Str-4 Int+5 SH+5}
HPRegen  1.49/turn              x - ring of Rympats {rC+ rCorr}
MPRegen  0.10/turn              W - ring of Makhleb's Favour {rF+ rN+ SInv}

@: about to teleport, strong-willed, regenerating, studying 2 skills
A: horns 2, retaliatory headbutt
}: 2/15 runes: serpentine, barnacled
a: Renounce Religion, Evoke Blink, Berserk, Trog's Hand, Brothers in Arms


You were on level 2 of the Depths.
You worshipped Trog.
Trog was extremely pleased with you.
You visited 8 branches of the dungeon, and saw 40 of its levels.
You visited the Abyss 1 time.
You also visited: Gauntlet and Ice Cave.

You collected 5289 gold pieces.
You spent 1212 gold pieces at shops.

Inventory:

Hand Weapons
 n - a +9 antimagic broad axe (weapon)
 P - the +8 frozen axe "Frostbite" {freezing cloud, *Noise Fly rC+}
   (You took it off a deep elf archer on level 1 of the Elven Halls)

   It freezes those it strikes, dealing additional cold damage.
   It can also slow down cold-blooded creatures.
   It occasionally leaves clouds of freezing vapour upon striking a foe.
   It grants immunity to clouds of freezing vapour.
   rC:        It protects you from cold.
   Fly:       It grants you flight.
   *Noise:    It may make noises in combat.
 S - the +10 hand crossbow of Roiw {venom, rCorr Str-4 Dex+8}
   (You found it in a Gauntlet)

   Any ammunition fired from it poisons the flesh of those it strikes.
   Str:       It affects your strength (-4).
   Dex:       It affects your dexterity (+8).
   rCorr:     It protects you from acid and corrosion.
Missiles
 R - 8 throwing nets (quivered)
 T - 1074 bolts
Armour
 e - a +2 kite shield of cold resistance (worn)
 k - a scarf of resistance (worn)
 m - the +0 pair of boots "Sugam" (worn) {+Blink rPois Str+4 Int-3}
   (You found it on level 3 of the Elven Halls)

   Str:       It affects your strength (+4).
   Int:       It affects your intelligence (-3).
   rPois:     It protects you from poison.
   +Blink:    It lets you blink.
 p - a +1 hat (worn)
 B - the +8 plate armour of Devotion (worn) {rC+ Dex+5}
   (You bought it in a shop on level 2 of the Orcish Mines)

   Dex:       It affects your dexterity (+5).
   rC:        It protects you from cold.
 M - a +0 pair of gloves (worn)
Jewellery
 b - the amulet of Raestraff {Spirit Dex+5}
   (You took it off a tengu conjurer on level 1 of the Depths)

   [amulet of guardian spirit]

   It causes incoming damage to be divided between your reserves of health and
   magic.
   Dex:       It affects your dexterity (+5).
 u - a ring of flight
 w - a ring of positive energy
 x - the ring of Rympats (left hand) {rC+ rCorr}
   (You found it in a Gauntlet)

   [ring of protection from cold]

   rC:        It protects you from cold.
   rCorr:     It protects you from acid and corrosion.
 C - the ring "Loaliul" {Contam rPois rN+ MP+9 Dex+3}
   (You found it on level 3 of the Elven Halls)

   [ring of positive energy]

   Dex:       It affects your dexterity (+3).
   rPois:     It protects you from poison.
   rN:        It protects you from negative energy.
   MP:        It affects your magic capacity (+9).
   Contam:    It causes magical contamination when unequipped.
 G - the amulet of Juxuluin (around neck) {Reflect rN+ Str-4 Int+5 SH+5}
   (You found it on level 3 of the Elven Halls)

   [amulet of reflection]

   It reflects blocked missile attacks.
   Str:       It affects your strength (-4).
   Int:       It affects your intelligence (+5).
   rN:        It protects you from negative energy.
   SH:        It affects your SH (+5).
 J - a ring of protection from fire
 L - a ring of willpower
 W - the ring of Makhleb's Favour (right hand) {rF+ rN+ SInv}
   (You found it on level 4 of the Vaults)

   [ring of protection from fire]

   rF:        It protects you from fire.
   rN:        It protects you from negative energy.
   SInv:      It lets you see invisible.
Wands
 o - a wand of digging (14)
 y - a wand of acid (41)
 A - a wand of polymorph (12)
 E - a wand of flame (8)
 H - a wand of paralysis (22)
 X - a wand of iceblast (23)
 Y - a wand of mindburst (45)
Scrolls
 g - 3 scrolls of silence
 j - 13 scrolls of summoning
 l - 9 scrolls of magic mapping
 r - 14 scrolls of identify
 v - 11 scrolls of teleportation
 z - 10 scrolls of fog
 D - 3 scrolls of enchant weapon
 F - a scroll of holy word
 N - 6 scrolls of fear
 O - 5 scrolls of blinking
Potions
 a - 3 potions of cancellation
 c - 6 potions of mutation
 d - a potion of invisibility
 f - 6 potions of haste
 h - 6 potions of heal wounds
 i - 8 potions of curing
 q - 3 potions of might
 s - 2 potions of resistance
 U - 3 potions of ambrosia
 Z - 11 potions of flight
Miscellaneous
 t - a phantom mirror
 K - a piece from Xom's chessboard (15/15)


   Skills:
 * Level 26.5 Fighting
 + Level 19.6 Axes
 - Level 10.1 Crossbows
 + Level 22.3 Armour
 + Level 18.5 Dodging
 - Level 15.0 Shields
 - Level 7.0 Evocations


You had 22 spell levels left.
You didn't know any spells.
Your spell library contained the following spells:

 Spells                   Type           Power      Damage    Failure   Level
 Beastly Appendage        Tmut           0%         N/A       86%         1
 Freeze                   Ice            0%         1d3       86%         1
 Sting                    Tmut/Pois      0%         1d3       86%         1
 Ensorcelled Hibernation  Hex/Ice        0%         N/A       94%         2
 Poisonous Vapours        Pois/Air       0%         N/A       94%         2
 Sublimation of Blood     Necr           0%         N/A       94%         2
 Wereblood                Tmut           0%         N/A       94%         2
 Frozen Ramparts          Ice            0%         1d2       99%         3
 Gell's Gravitas          Tloc           0%         N/A       99%         3
 Ignite Poison            Fire/Tmut/Pois 0%         N/A       99%         3
 Ozocubu's Armour         Ice            0%         N/A       99%         3
 Spider Form              Tmut/Pois      0%         N/A       99%         3
 Animate Dead             Necr           0%         N/A       100%        4
 Hailstorm                Conj/Ice       0%         3d3       100%        4
 Olgreb's Toxic Radiance  Pois           0%         N/A       100%        4
 Agony                    Necr           0%         N/A       100%        5
 Bolt of Magma            Conj/Fire/Erth 0%         4d4       100%        5
 Fireball                 Conj/Fire      0%         3d3       100%        5
 Iskenderun's Battlesphe  Conj           0%         2d6       100%        5
 Conjure Ball Lightning   Conj/Air       0%         3x3d6     100%        6
 Shadow Creatures         Summ           N/A        N/A       100%        6
 Orb of Destruction       Conj           0%         N/A       100%        7
 Spellforged Servitor     Conj/Summ      0%         N/A       100%        7
 Summon Hydra             Summ           0%         N/A       100%        7


Dungeon Overview and Level Annotations

Branches:
Dungeon (15/15)            Temple (0/1) D:4            Lair (6/6) D:10
 Shoals (4/4) Lair:2        Snake (4/4) Lair:4        Slime (0/5) Lair:6
    Orc (2/2) D:12            Elf (3/3) Orc:2        Vaults (4/5) D:13
  Crypt (0/3) Vaults:3     Depths (2/5) D:15          IceCv (visited)
Gauntlet (visited)

Altars:
Fedhas
Trog
Uskayaw
Vehumet
Beogh

Shops:
D:5 *   D:13 =   Orc:2 :([*=   Elf:2 *   Snake:2 ?*   Vaults:3 *   Vaults:4 (
Depths:2 (

Portals:
Hell: Depths:1
Abyss: Depths:1

Annotations:
Orc:1 2 transporters, porog's ghost, novice MiFi


Innate Abilities, Weirdness & Mutations

You have a pair of horns on your head.
You reflexively headbutt those who attack you in melee.


Message History

The deep troll earth mage convulses!
Your troll convulses!
The deep elf demonologist convulses!
The stone giant convulses!
The deep troll earth mage convulses!
The ogre mage convulses!
The necromancer convulses!
The ogre mage convulses! x2
You block the red devil's attack.
The stone giant throws a large rock.
The large rock hits you!!!
* * * LOW HITPOINT WARNING * * *
You hear a shout! x2
As you read the scroll of teleportation, it crumbles to dust.
You feel strangely unstable.
Your troll barely misses the Brimstone Fiend.
Your troll claws the Brimstone Fiend but does no damage.
Your troll claws the Brimstone Fiend!
A frost giant comes into view.
It is wielding a +1 battleaxe of freezing.
The ogre mage gestures at you while chanting.
The bolt of magma hits your ogre!!!
Your ogre dies!
Your ogre's corpse disappears in a puff of smoke!
The bolt of magma hits you. You partially resist.
* * * LOW HITPOINT WARNING * * *
The deep elf demonologist mumbles some strange words.
Send 'em back where they came from!
Trog shields your ally from puny magic!
A deep troll earth mage comes into view.
The deep troll earth mage misses you. The deep troll earth mage claws you.
* * * LOW HITPOINT WARNING * * *
The deep troll earth mage claws you but does no damage.
A wizard comes into view. It is wielding a +0 dagger.
The ogre mage gestures at the ogre mage while chanting.
The ogre mage seems to speed up.
The Brimstone Fiend gestures at your troll.
The sphere of damnation explodes!
The damnation engulfs your troll!!
Your troll dies!
Your troll's corpse disappears in a puff of smoke!
The damnation engulfs the Brimstone Fiend.
The Brimstone Fiend completely resists.
The Brimstone Fiend roars!
The damnation engulfs you!!
You die...

###.......≈≈≈≈≈....≈.
#........^≈≈≈≈≈....≈. #
####........≈≈≈...≈≈≈≈.
###.#.........≈..≈≈.≈......
#.....).......≈≈....≈≈.....
#<.(..........≈≈.≈≈≈≈≈.....
###.....(........≈≈≈≈≈.....
#......§......≈≈≈≈≈≈≈...#
#....#.1§@###... .....
.......eOT#RC###$
........14#C##
≈......OT.#C(.D#
........p###H.# ....../.#


Cp.. ..OO.L..# .#.CG #pT#... C# .. . . You could see an ancient lich, 2 frost
giants, 2 Brimstone Fiends, a sphinx, 2 stone giants, an ettin, a rakshasa, 4
ogre magi, a deep elf demonologist, 3 deep troll earth magi, a necromancer, 2
wizards and a red devil (summoned).

Vanquished Creatures
  A juggernaut (Depths:1)
  A tentacled monstrosity (Vaults:3)
  Jorgrun (Orc:1)
  3 liches
  3 deep elf blademasters
  2 deep elf master archers (Elf:3)
  A titan (Shoals:4)
  An Executioner (Abyss:5)
  Agnes (Snake:4)
  A tentacled starspawn (Abyss:5)
  2 tengu reavers (Vaults:4)
  Donald (Snake:4)
  Kirke (D:14)
  2 shadow dragons (Elf:1)
  Roxanne (Snake:3)
  2 fire giants
  9 nagarajas
  6 deep elf sorcerers
  2 frost giants (Depths:1)
  13 vault wardens
  Louise (D:14)
  6 deep elf elementalists (Elf:3)
  A war gargoyle (Vaults:4)
  18 ironbound preservers
  19 very ugly things
  A reaper (IceCv)
  14 stone giants
  8 deep elf demonologists
  2 vampire knights
  4 deep elf annihilators (Elf:3)
  A minotaur (Gauntlet)
  8 dire elephants
  4 elemental wellsprings (Shoals:2)
  Azrael (Snake:2)
  A green death (Abyss:4)
  6 deep elf death magi
  Snorg (D:10)
  A crystal guardian (Vaults:4)
  4 ettins (Depths:1)
  7 fire dragons
  4 deep elf high priests
  4 merfolk javelineers
  14 merfolk impalers
  8 yaktaur captains
  14 naga warriors
  4 salamander tyrants
  Fannar (Lair:2)
  11 ironbound thunderhulks
  3 ice dragons
  9 merfolk avatars
  2 peacekeepers
  6 boulder beetles
  5 vault guards
  7 hydras
  An alligator snapping turtle (Shoals:1)
  2 rakshasas (Depths:1)
  A catoblepas (Lair:6)
  2 ogre magi
  4 anacondas
  10 ironbound frosthearts
  6 merfolk aquamancers
  A death knight (Vaults:3)
  4 satyrs
  7 two-headed ogres
  12 centaur warriors
  4 deep troll shamans
  4 tengu warriors
  18 naga sharpshooters
  4 deep troll earth magi
  17 death yaks
  30 dancing weapons
  The ghost of kalagan the Thaumaturge, a journeyman DECj of Sif Muna (Lair:2)
  Urug (D:11)
  8 thrashing horrors
  2 spriggan berserkers
  A vampire mage (D:15)
  An orc high priest (Elf:1)
  6 ironbound beastmasters
  10 shock serpents
  A fire crab (shapeshifter) (Elf:2)
  14 deep elf knights
  Nergalle (Lair:4)
  6 salamander mystics
  7 sea snakes
  2 skeletal warriors (D:15)
  2 wretched stars (Abyss:3)
  4 iron trolls
  A swamp dragon (Abyss:5)
  64 deep trolls
  2 spatial maelstroms
  4 glowing orange brains
  11 deep elf archers
  A tengu zombie (D:15)
  6 naga ritualists
  A swamp dragon (shapeshifter) (Vaults:1)
  4 necromancers
  12 wizards
  18 deep elf pyromancers
  3 lindwurms
  19 deep elf zephyrmancers
  3 phantasmal warriors (Vaults:3)
  29 harpies
  11 large abominations
  6 cyclopes
  7 orc knights
  12 ironbound convokers
  A worldbinder (Abyss:3)
  11 mana vipers
  2 oklob plants (Shoals:3)
  10 manticores
  26 fauns
  30 salamanders
  28 slime creatures
  A stone giant zombie (Depths:1)
  69 ugly things
  2 orc sorcerers (Orc:2)
  7 elephants
  An elephant (shapeshifter) (D:13)
  A tengu skeleton (Vaults:1)
  11 merfolk sirens
  8 water nymphs
  2 ice statues (IceCv)
  3 guardian serpents
  24 naga magi
  2 smoke demons
  42 black mambas
  An orange demon (Abyss:3)
  14 vault sentinels
  2 elf zombies
  A gargoyle (D:11)
  A yaktaur zombie (Vaults:1)
  10 cane toads
  3 rime drakes
  2 efreet
  2 freezing wraiths
  8 ice devils (IceCv)
  22 yaktaurs
  3 entropy weaver simulacra (IceCv)
  9 komodo dragons
  3 ancient zymes (Abyss:3)
  2 anaconda simulacra (IceCv)
  2 tengu conjurers
  19 merfolk
  A queen bee (Gauntlet)
  9 trolls
  2 polar bears
  3 meliai (D:12)
  10 wind drakes
  A meliai (shapeshifter) (D:13)
  12 blink frogs
  2 ettin zombies
  A dream sheep (shapeshifter) (D:15)
  A fire dragon zombie (D:15)
  19 dream sheep
  A slime creature (shapeshifter) (D:13)
  9 snapping turtles
  8 air elementals
  2 dire elephant simulacra (IceCv)
  A wraith (Vaults:3)
  A vampire (D:12)
  38 yaks
  6 fire elementals
  37 water elementals
  7 wyverns
  2 hogs (D:15)
  A neqoxec (Abyss:3)
  3 basilisks
  A steam dragon (D:8)
  2 chaos spawn
  5 vampire mosquitoes
  3 spatial vortices (Abyss:3)
  7 wargs
  50 nagas
  18 water moccasins
  3 harpy simulacra (IceCv)
  3 acid dragons
  3 hell hounds (Snake:2)
  10 small abominations
  A floating eye (Depths:1)
  38 orc warriors
  3 black bears
  2 necrophages
  7 ogres
  10 centaurs
  23 wolves
  2 phantoms
  9 bullfrogs
  A gnoll sergeant (D:13)
  6 kobold brigands
  2 earth elementals (Elf:2)
  6 scorpions
  A wyvern skeleton (D:6)
  A water moccasin skeleton (D:4)
  An elephant simulacrum (IceCv)
  15 killer bees
  4 wights (D:8)
  2 howler monkeys
  A centaur zombie (D:8)
  4 electric eels
  3 bullfrog zombies
  13 starcursed masses
  2 centaur skeletons (D:7)
  An iron imp (Abyss:3)
  11 orc priests
  3 hounds
  A gnoll shaman (D:8)
  6 jellies
  2 bullfrog skeletons (D:6)
  26 orc wizards
  9 iguanas
  A hound zombie (D:5)
  A hound skeleton (D:4)
  Robin (D:4)
  A howler monkey zombie (D:9)
  11 gnolls
  A howler monkey skeleton (D:7)
  10 adders
  15 white imps
  An ufetubus (IceCv)
  An adder zombie (D:5)
  A worm (D:4)
  A dart slug (D:4)
  65 orcs
  5 ball pythons
  10 endoplasms
  6 giant cockroaches
  11 hobgoblins
  2 quokkas
  2 bats
  7 frilled lizards
  12 goblins
  13 kobolds
  5 rats
  A lurking horror (Abyss:5)
  3 starspawn tentacles (Abyss:5)
1732 creatures vanquished.

Vanquished Creatures (collateral kills)
  Vashnia (Snake:3)
  Saint Roka (Snake:3)
  A fire giant (Depths:1)
  An orc warlord (Orc:2)
  2 frost giants (Depths:1)
  A naga warrior (Snake:3)
  An orc high priest (Orc:2)
  5 naga sharpshooters (Snake:3)
  A hell knight (Depths:1)
  A deep troll (Depths:1)
  A naga ritualist (Snake:3)
  A sea snake (Shoals:4)
  A necromancer (Depths:1)
  An ugly thing (Depths:1)
  A golden dragon skeleton (Depths:1)
  A salamander (Snake:3)
  A merfolk siren (Shoals:4)
  4 black mambas (Snake:3)
  A naga mage (Snake:3)
  A spriggan zombie (Depths:1)
  A warg (Snake:3)
  6 nagas (Snake:3)
  2 floating eyes (Depths:1)
  6 orc warriors
  An ogre (Snake:3)
  3 orc priests (Orc:2)
  4 orc wizards (Orc:2)
  7 orcs
58 creatures vanquished.

Vanquished Creatures (others)
  A naga warrior (Snake:4)
  An ice dragon (Depths:2)
  A deep elf knight (Elf:1)
  A deep elf zephyrmancer (Elf:1)
  A deep elf pyromancer (Elf:2)
  An ugly thing (Depths:1)
  A yaktaur (Vaults:2)
  5 humans (D:15)
  2 orc priests (Elf:1)
  2 orcs (Elf:1)
  5 bushes (Lair:6)
  53 fungi
  132 plants
  11 toadstools (D:7)
  7 withered plants (D:15)
224 creatures vanquished.

Grand Total: 2014 creatures vanquished

Notes
Turn   | Place    | Note
-------+----------+-------------------------------------------
     0 | D:1      | DearestLeader the Minotaur Berserker began the quest for
                  | the Orb.
     0 | D:1      | Reached XP level 1. HP: 19/19 MP: 0/0
   324 | D:1      | Reached XP level 2. HP: 26/27 MP: 1/1
   634 | D:1      | Reached skill level 4 in Fighting
   882 | D:2      | Reached ** piety under Trog
  1035 | D:2      | Reached XP level 3. HP: 33/33 MP: 2/2
  1167 | D:2      | Found a faded altar of an unknown god.
  1202 | D:2      | Reached skill level 1 in Shields
  1442 | D:2      | Reached XP level 4. HP: 40/40 MP: 3/3
  1447 | D:2      | Reached skill level 5 in Axes
  2727 | D:4      | Reached XP level 5. HP: 40/46 MP: 4/4
  3068 | D:4      | Reached XP level 6. HP: 53/53 MP: 5/5
  3080 | D:4      | Noticed Robin
  3094 | D:4      | Reached *** piety under Trog
  3097 | D:4      | Killed Robin
  3361 | D:4      | Found a staircase to the Ecumenical Temple.
  3466 | D:4      | Reached skill level 5 in Fighting
  3673 | D:4      | Reached XP level 7. HP: 49/61 MP: 6/6
  4074 | D:5      | Entered Level 5 of the Dungeon
  4487 | D:5      | Reached skill level 10 in Axes
  4539 | D:5      | Reached XP level 8. HP: 68/68 MP: 7/7
  4958 | D:5      | Found Jazutsic's Assorted Antiques.
  5668 | D:6      | Noticed a manticore
  5685 | D:6      | Killed a manticore
  5686 | D:6      | Reached skill level 5 in Armour
  5754 | D:6      | Reached **** piety under Trog
  5801 | D:6      | Reached XP level 9. HP: 50/74 MP: 8/8
  6747 | D:7      | Noticed a troll
  6758 | D:7      | Killed a troll
  7811 | D:7      | Killed a large slime creature
  7812 | D:7      | Reached skill level 6 in Fighting
  8286 | D:8      | Reached XP level 10. HP: 81/83 MP: 9/9
  8406 | D:8      | Noticed a two-headed ogre
  8414 | D:8      | Killed a two-headed ogre
  8415 | D:8      | Reached skill level 5 in Shields
  8956 | D:9      | Noticed a two-headed ogre
  8963 | D:9      | Killed a two-headed ogre
  8964 | D:9      | Reached skill level 7 in Fighting
  9250 | D:9      | Found a hide-covered altar of Uskayaw.
  9252 | D:9      | Noticed a +0 dagger
  9252 | D:9      | Noticed a +0 hand axe
  9651 | D:9      | Reached ***** piety under Trog
  9801 | D:10     | Entered Level 10 of the Dungeon
  9827 | D:10     | Identified the +6 trident of Mayhem {speed, Dex+2}
  9955 | D:10     | Noticed a two-headed ogre
  9960 | D:10     | Killed a two-headed ogre
  9961 | D:10     | Reached skill level 8 in Fighting
  9961 | D:10     | Reached XP level 11. HP: 94/94 MP: 10/10
  9982 | D:10     | Noticed Snorg
 10019 | D:10     | Reached skill level 15 in Axes
 10026 | D:10     | Killed Snorg
 10762 | D:10     | Found a staircase to the Lair.
 11544 | Lair:1   | Entered Level 1 of the Lair of Beasts
 11660 | Lair:1   | Reached skill level 9 in Fighting
 11842 | Lair:1   | Noticed a six-headed hydra
 11852 | Lair:1   | Killed a six-headed hydra
 11853 | Lair:1   | Reached skill level 10 in Armour
 12814 | Lair:2   | Found a gate leading to a gauntlet.
 12829 | Gauntlet | Entered a Gauntlet
 12829 | Gauntlet | Noticed a wizard
 12829 | Gauntlet | Found a transporter.
 12829 | Gauntlet | Found a transporter.
 12835 | Gauntlet | Found a transporter.
 12838 | Gauntlet | Found a transporter.
 12838 | Gauntlet | Found a transporter.
 12840 | Gauntlet | Found a large runed translucent door.
 12841 | Gauntlet | Found a large runed translucent door.
 12842 | Gauntlet | Found a large runed translucent door.
 12842 | Gauntlet | Found a large runed translucent door.
 12842 | Gauntlet | Found a runed translucent door.
 12843 | Gauntlet | Found a large runed translucent door.
 12849 | Gauntlet | Found a transporter.
 12851 | Gauntlet | Noticed a large abomination
 12857 | Gauntlet | Found a transporter.
 12864 | Gauntlet | Found a large runed translucent door.
 12865 | Gauntlet | Found a large runed translucent door.
 12866 | Gauntlet | Found a large runed translucent door.
 12867 | Gauntlet | Found a runed translucent gate.
 12867 | Gauntlet | Noticed a harpy
 12868 | Gauntlet | a harpy changed into a guardian serpent
 12869 | Gauntlet | Found a transporter.
 12891 | Gauntlet | Found a transporter.
 12908 | Gauntlet | Found a transporter.
 12916 | Gauntlet | Found a transporter.
 12977 | Gauntlet | Found a large runed translucent door.
 12978 | Gauntlet | Found a large runed translucent door.
 12979 | Gauntlet | Found a large runed translucent door.
 12979 | Gauntlet | Found a large runed translucent door.
 12979 | Gauntlet | Found a runed translucent door.
 12980 | Gauntlet | Found a large runed translucent door.
 12981 | Gauntlet | Found a large runed translucent door.
 12982 | Gauntlet | Found a large runed translucent door.
 12982 | Gauntlet | Found a large runed translucent door.
 12983 | Gauntlet | Found a runed translucent gate.
 12983 | Gauntlet | Found a runed translucent gate.
 12984 | Gauntlet | Noticed an orb spider
 12984 | Gauntlet | an orb spider changed into a hog
 12985 | Gauntlet | Found a transporter.
 13088 | Gauntlet | Killed a wizard
 13092 | Gauntlet | Identified the ring of Rympats {rC+ rCorr}
 13141 | Gauntlet | Killed a large abomination
 13198 | Gauntlet | Reached XP level 12. HP: 105/105 MP: 11/11
 13313 | Gauntlet | Noticed a minotaur
 13323 | Gauntlet | Killed a minotaur
 13334 | Gauntlet | Identified the +10 hand crossbow of Roiw {venom, rCorr
                  | Str-4 Dex+8}
 13334 | Gauntlet | Identified the +5 trident "Raiqea Hoid" {antimagic, *Rage
                  | Will++ Int+2 Dex+4}
 13632 | Lair:2   | Reached skill level 1 in Crossbows
 13632 | Lair:2   | Reached skill level 10 in Shields
 13660 | Lair:2   | Noticed a death yak
 13672 | Lair:2   | Noticed a death yak
 13674 | Lair:2   | Noticed a death yak
 13680 | Lair:2   | Killed a death yak
 13692 | Lair:2   | Killed a death yak
 13693 | Lair:2   | Reached skill level 10 in Fighting
 13695 | Lair:2   | Killed a death yak
 14060 | Lair:2   | Noticed Fannar
 14074 | Lair:2   | Killed Fannar
 14273 | Lair:2   | Found a runed translucent door.
 14278 | Lair:2   | Noticed kalagan's ghost (journeyman DECj)
 14294 | Lair:2   | Killed kalagan's ghost
 14299 | Lair:2   | Identified the +2 pair of gloves "Veykkyraxt" {-Tele Harm
                  | Rampage Str+4}
 14320 | Lair:2   | Noticed a seven-headed hydra
 14331 | Lair:2   | Killed a seven-headed hydra
 14421 | Lair:2   | Found a staircase to the Shoals.
 14610 | Lair:3   | Reached skill level 5 in Crossbows
 15107 | Lair:3   | Received a gift from Trog
 15540 | Lair:4   | Identified the +3 dagger "Fygipat" {speed, rCorr Str+4}
 15715 | Lair:4   | Found a staircase to the Snake Pit.
 15764 | Lair:4   | Reached XP level 13. HP: 115/115 MP: 12/12
 15810 | Lair:4   | Noticed Nergalle
 15819 | Lair:4   | Killed Nergalle
 16403 | Lair:5   | Reached skill level 11 in Fighting
 17324 | Lair:6   | Entered Level 6 of the Lair of Beasts
 18677 | Lair:6   | Noticed a dire elephant
 18696 | Lair:6   | Killed a dire elephant
 18927 | Lair:6   | Reached XP level 14. HP: 125/125 MP: 13/13
 19019 | Lair:6   | Received a gift from Trog
 19164 | Lair:6   | Found a staircase to the Slime Pits.
 19430 | Lair:6   | Reached skill level 12 in Fighting
 20255 | D:11     | Found a blossoming altar of Fedhas.
 20647 | D:11     | Reached skill level 10 in Crossbows
 20648 | D:11     | Identified the +3 hunting sling "Gaawang" {flame, Dex+6}
 20722 | D:11     | Noticed Urug
 20737 | D:11     | Killed Urug
 21215 | D:12     | Found a staircase to the Orcish Mines.
 22450 | Orc:1    | Entered Level 1 of the Orcish Mines
 22500 | Orc:1    | Noticed Jorgrun
 22522 | Orc:1    | Killed Jorgrun
 22523 | Orc:1    | You fall into a shaft and drop 1 floor!
 22523 | Orc:2    | Entered Level 2 of the Orcish Mines
 22523 | Orc:2    | Found Ipsoxkyb's Jewellery Emporium.
 22607 | Orc:2    | Found a frozen archway.
 22612 | Orc:2    | Received a gift from Trog
 22632 | IceCv    | Entered an ice cave
 22996 | IceCv    | Noticed a reaper
 23006 | IceCv    | Killed a reaper
 24323 | Orc:2    | Noticed an orc warlord
 24325 | Orc:2    | Reached XP level 15. HP: 74/134 MP: 4/14
 24340 | Orc:2    | Killed an orc warlord
 24361 | Orc:2    | Found Qamu's Book Emporium.
 24361 | Orc:2    | Found a staircase to the Elven Halls.
 24375 | Orc:2    | Received a gift from Trog
 24629 | Orc:2    | Found Pyenav's General Store.
 24650 | Orc:2    | Found Yteomp's Antique Armour Emporium.
 24657 | Orc:2    | Bought a fine plate armour for 784 gold pieces
 24657 | Orc:2    | Identified the +8 plate armour of Devotion {rC+ Dex+5} (You
                  | bought it in a shop on level 2 of the Orcish Mines)
 24880 | Orc:2    | Found Riatyaxa's Antique Weapon Emporium.
 25368 | Orc:1    | Found a transporter.
 25370 | Orc:1    | Found a transporter.
 25371 | Orc:1    | Noticed an orc warlord
 25375 | Orc:1    | Found a bloodstained altar of Trog.
 25387 | Orc:1    | Noticed porog's ghost (novice MiFi)
 25496 | Orc:1    | Reached skill level 5 in Dodging
 26182 | D:13     | Found Fohocholamn's Jewellery Shop.
 26335 | D:13     | Reached skill level 15 in Shields
 26699 | D:13     | Reached skill level 13 in Fighting
 26902 | D:13     | Received a gift from Trog
 27014 | D:13     | Found a gate to the Vaults.
 27472 | D:14     | Noticed Louise
 27485 | D:14     | Killed Louise
 29172 | D:15     | Entered Level 15 of the Dungeon
 29175 | D:15     | Noticed Kirke
 29192 | D:14     | Killed Kirke
 29378 | D:15     | Found a staircase to the Depths.
 29430 | D:15     | Reached skill level 14 in Fighting
 29797 | D:15     | Reached ****** piety under Trog
 30055 | D:15     | Received a gift from Trog
 30503 | D:15     | Reached XP level 16. HP: 134/147 MP: 15/15
 30811 | D:15     | Reached skill level 15 in Armour
 31277 | Snake:1  | Entered Level 1 of the Snake Pit
 32048 | Snake:1  | Reached skill level 15 in Fighting
 32495 | Snake:1  | Received a gift from Trog
 33259 | Snake:1  | Upgraded the game from 0.27.1 to 0.27.1-1-g398f81649c
 33308 | Snake:1  | Reached skill level 10 in Dodging
 34806 | Snake:2  | Reached skill level 16 in Fighting
 34902 | Snake:2  | Noticed Azrael
 35491 | D:13     | Bought a ring of poison resistance for 320 gold pieces
 36011 | Snake:2  | Found Wiutuh's General Store.
 36011 | Snake:2  | Found Paliosym's Magic Scroll Boutique.
 36035 | Snake:2  | Bought a scroll of teleportation for 54 gold pieces
 36035 | Snake:2  | Bought a scroll of teleportation for 54 gold pieces
 36156 | Snake:2  | Killed Azrael
 36162 | Snake:2  | Received a gift from Trog
 36415 | Snake:2  | Reached XP level 17. HP: 159/159 MP: 16/16
 37170 | Snake:3  | Noticed Roxanne
 37191 | Snake:3  | Killed Roxanne
 37343 | Snake:3  | Reached skill level 17 in Fighting
 37841 | Snake:3  | Noticed Vashnia
 38180 | Snake:3  | Killed Vashnia
 38525 | Snake:3  | Noticed Saint Roka
 38543 | Snake:3  | Killed Saint Roka
 38999 | Snake:4  | Entered Level 4 of the Snake Pit
 39224 | Snake:4  | Reached skill level 18 in Fighting
 39722 | Snake:4  | Noticed Donald
 39736 | Snake:4  | Killed Donald
 39874 | Snake:4  | Received a gift from Trog
 40610 | Snake:4  | Reached XP level 18. HP: 106/166 MP: 5/17
 40843 | Snake:4  | Received a gift from Trog
 40861 | Snake:4  | Reached skill level 19 in Fighting
 41548 | Snake:4  | Noticed Agnes
 41560 | Snake:4  | Killed Agnes
 42029 | Snake:4  | Got a serpentine rune of Zot
 42288 | Shoals:1 | Entered Level 1 of the Shoals
 42913 | Shoals:1 | Received a gift from Trog
 43362 | Shoals:1 | Reached skill level 1 in Evocations
 44186 | Shoals:2 | Reached skill level 20 in Fighting
 44218 | Shoals:2 | Received a gift from Trog
 45682 | Shoals:3 | Reached XP level 19. HP: 187/187 MP: 18/18
 46124 | Shoals:3 | Identified the +5 war axe "Vogyreit" {flame, rF+} (Trog
                  | gifted it to you on level 3 of the Shoals)
 46124 | Shoals:3 | Received a gift from Trog
 46530 | Shoals:3 | Identified the +2 hand axe "Trog's Anger" {freeze, rPois
                  | Stlth+}
 46912 | Shoals:4 | Entered Level 4 of the Shoals
 47008 | Shoals:4 | Paralysed by an air elemental for 1 turns
 47010 | Shoals:4 | Paralysed by an air elemental for 1 turns
 47683 | Shoals:4 | Identified the +8 glaive "Tucam" {flame, rN+}
 47734 | Shoals:4 | Paralysed by an air elemental for 1 turns
 47867 | Shoals:4 | Paralysed by an air elemental for 1 turns
 48008 | Shoals:4 | Reached skill level 21 in Fighting
 48046 | Shoals:4 | Received a gift from Trog
 48402 | Shoals:4 | Reached skill level 5 in Evocations
 48578 | Shoals:4 | Got a barnacled rune of Zot
 48581 | Shoals:4 | Identified the amulet of Weajem {Faith Harm Regen+}
 48593 | Shoals:4 | Got the Disquisition on Snow and the Volcanoes
 49149 | Vaults:1 | Entered Level 1 of the Vaults
 50607 | Vaults:1 | Received a gift from Trog
 50891 | Vaults:1 | Reached XP level 20. HP: 198/199 MP: 6/19
 51407 | Vaults:1 | Identified the +0 plate armour of Existentialism {-Cast rC+
                  | Str+4}
 51459 | Vaults:1 | Identified the +6 halberd of Dung {chaos, Fly rCorr Stlth+}
 51674 | Vaults:1 | Got the Disquisition on Unstable Evil Rites
 52158 | Vaults:2 | Reached skill level 22 in Fighting
 52301 | Vaults:2 | Reached skill level 15 in Dodging
 53295 | Vaults:2 | Received a gift from Trog
 54396 | Vaults:3 | Found a staircase to the Crypt.
 54879 | Vaults:3 | Reached skill level 23 in Fighting
 55318 | Vaults:3 | Received a gift from Trog
 55333 | Vaults:3 | Reached XP level 21. HP: 197/211 MP: 6/20
 55754 | Vaults:3 | Found Gabryxzu's Assorted Antiques.
 57189 | Vaults:4 | Found Soppuc's Antique Weapon Emporium.
 57555 | Vaults:4 | Reached skill level 24 in Fighting
 57742 | Vaults:4 | Identified a scroll of acquirement
 57751 | Vaults:4 | Acquired the +6 hand crossbow "Ewock" {penet, Will+ Dex+4
                  | Stlth+}
 57800 | Vaults:4 | Received a gift from Trog
 58235 | Vaults:4 | Found a transporter.
 58278 | Vaults:4 | Found a transporter.
 58433 | Vaults:4 | Got Xiosh's Volume of Supportive Orientation
 58439 | Vaults:4 | Identified the ring of Ruroyt {AC+4 Dex+5}
 58450 | Vaults:4 | Identified the ring of Makhleb's Favour {rF+ rN+ SInv}
 58780 | Elf:1    | Entered Level 1 of the Elven Halls
 59762 | Elf:1    | Received a gift from Trog
 59774 | Elf:1    | Found a runed translucent gate.
 59774 | Elf:1    | Found a runed translucent gate.
 59774 | Elf:1    | Found a runed translucent gate.
 59774 | Elf:1    | Found a runed translucent gate.
 59774 | Elf:1    | Found a runed translucent gate.
 59775 | Elf:1    | Found a runed translucent gate.
 59789 | Elf:1    | HP: 7/215 [+2 halberd of venom (13)]
 60415 | Elf:2    | Found Vafe's Overcharged Wands.
 60471 | Elf:2    | Found a runed translucent gate.
 60471 | Elf:2    | Found a runed translucent gate.
 60481 | Elf:2    | Found a runed translucent gate.
 60593 | Elf:2    | Paralysed by an air elemental for 1 turns
 60599 | Elf:2    | Reached XP level 22. HP: 129/224 MP: 7/21
 60600 | Elf:2    | Paralysed by an air elemental for 1 turns
 60610 | Elf:2    | Received a gift from Trog
 60941 | Elf:2    | Acquired a manual of Evocations
 60966 | Elf:2    | Found a radiant altar of Vehumet.
 61909 | Elf:2    | Reached skill level 25 in Fighting
 62170 | Elf:3    | Entered Level 3 of the Elven Halls
 62199 | Elf:3    | Received a gift from Trog
 62846 | Elf:3    | Cast into level 3 of the Abyss (a deep elf demonologist)
 63055 | Abyss:3  | Received a gift from Trog
 63144 | Abyss:3  | Paralysed by accursed screaming for 1 turns
 63331 | Abyss:5  | Entered Level 5 of the Abyss
 63429 | Elf:3    | Escaped the Abyss
 63800 | Elf:3    | Found the +2 ratskin cloak {*Rats rPois rN+ Str-1 Int-1
                  | Dex+1}
 63848 | Elf:3    | Paralysed by an air elemental for 1 turns
 64038 | Elf:3    | Identified the amulet of Juxuluin {Reflect rN+ Str-4 Int+5
                  | SH+5}
 64040 | Elf:3    | Identified the +6 plate armour of Ennui {-Tele Rampage rN+}
 64041 | Elf:3    | Identified the ring "Loaliul" {Contam rPois rN+ MP+9 Dex+3}
 64046 | Elf:3    | Identified the +6 chain mail of the Pits of Slime {*Corrode
                  | Dex+4 Slay+5}
 64049 | Elf:3    | Identified the +7 glaive "Zackuy" {flame, rF+ rC+ rCorr
                  | Int-2}
 64082 | Elf:3    | Identified the +0 pair of boots "Sugam" {+Blink rPois Str+4
                  | Int-3}
 64785 | Depths:1 | Entered Level 1 of the Depths
 64816 | Depths:1 | Noticed a juggernaut
 64839 | Depths:1 | Received a gift from Trog
 64854 | Depths:1 | Reached XP level 23. HP: 236/236 MP: 5/22
 64860 | Depths:1 | Killed a juggernaut
 64861 | Depths:1 | Reached skill level 26 in Fighting
 64899 | Depths:1 | Identified the amulet of Raestraff {Spirit Dex+5}
 64902 | Depths:1 | Paralysed by a floating eye for 4 turns
 65011 | Depths:1 | Paralysed by a floating eye for 4 turns
 65693 | Depths:1 | Found a one-way gate to the infinite horrors of the Abyss.
 65939 | Depths:1 | Found a gateway to Hell.
 66169 | Depths:2 | Received a gift from Trog
 66293 | Depths:2 | Found a hide-covered altar of Uskayaw.
 66717 | Depths:2 | Paralysed by a vampire knight for 7 turns
 66945 | Depths:2 | Found Mulamol's Antique Weapon Emporium.
 67036 | Depths:2 | Paralysed by an ogre mage for 4 turns
 67043 | Depths:2 | Noticed an ancient lich
 67045 | Depths:2 | Killed from afar by a Brimstone Fiend

Illustrated notes

Levels and vault maps discovered:
D:1:      minmay_arrival_checkered_box, layout_basic
D:2:      layout_basic, hellmonk_ecumenical_altar_blasted
D:3:      layout_basic, feat_on_display
D:4:      layout_basic, minmay_temple_entry_gardened_gates,
          hangedman_glass_teeth, chequers_serial_rivers_small_b, uniq_robin
D:5:      minmay_chambers_of_fours, layout_basic, serial_shops,
          nicolae_lakefront_shop
D:6:      layout_basic, hangedman_decor_riveting, minmay_increasing_density
D:7:      cheibrodos_fertilizer, layout_basic, bh_walls_and_bars
D:8:      layout_rooms, small_statue_intersection, kennysheep_donut
D:9:      layout_stronghold, dancing_weapons_uskayaw
D:10:     layout_basic, minmay_lair_entry_grove, uniq_snorg
D:11:     layout_long_grid, fedhas_altar_3, uniq_urug
D:12:     layout_loops_corners, orc_0_dummy
D:13:     layout_basic, david_vaults_2, serial_shops, shop
D:14:     layout_layer_cave, uniq_louise
D:15:     gammafunk_depths_entry_grave, layout_irregular_city,
          kennysheep_four_rooms, uniq_kirke
Lair:1:   layout_gridlike, lemuel_fruit_fields
Lair:2:   layout_long_grid, shoals_dummy_entry, ebering_ghost_reflecting_pool,
          gauntlet_entry_generic, infiniplex_staircase_pool_2, uniq_fannar
Lair:3:   layout_hall_layers, infiniplex_staircase_pool, grunt_megastairs_3
Lair:4:   layout_gridlike, guppyfry_snake_entry_garden, uniq_nergalle
Lair:5:   layout_regular_city
Lair:6:   grunt_lair_end_beastmaster, layout_regular_city,
          dpeg_slime_entry_corner
Shoals:1: layout_shoals
Shoals:2: layout_shoals, nicolae_shoals_raging_river
Shoals:3: cheibrodos_shoals_oceanic_diplomacy, layout_shoals,
          nicolae_shoals_this_corrosion
Shoals:4: shoals_end_hellmonk_storm_palace [storm_palace_center_circular,
          storm_palace_corner_narrow, storm_palace_corner_grid,
          storm_palace_corner_pillars, storm_palace_corner_reverse_hut]
Snake:1:  layout_onion_interference, nicolae_snake_salamander_fort
Snake:2:  layout_misc_corridors, minmay_shoptagon, grunt_megastairs_1,
          uniq_azrael
Snake:3:  layout_rooms, nicolae_snake_coiling_death, uniq_vashnia,
          uniq_saint_roka, uniq_roxanne
Snake:4:  snake_pit, layout_cave_town, uniq_agnes, uniq_donald
Orc:1:    layout_diamond_mine, basic_altar, gammafunk_ghost_wrathful_warriors,
          uniq_jorgrun
Orc:2:    grunt_orc_cross, layout_diamond_mine, portal_ice_cave_entry_imps,
          minmay_shop_enchanted_jewellery, mines5_lemuel
Elf:1:    layout_geoelf_grid, orc_legates
Elf:2:    elven_hall_of_blades_hangedman_original [grunt_blade_entry_basic],
          layout_loops_ring, basic_altar, serial_sigils_hangedman_clutch,
          nicolae_shop_overcharged_wands
Elf:3:    grunt_elf_hall_diamonds, layout_geoelf_castle
Vaults:1: hangedman_vaults_slither, vaults_room_hallway, v_alt_pattern_4,
          nicolae_vaults_network_quinsquares
          [nicolae_vaults_network_quincunx_subvault,
          nicolae_vaults_network_quincunx_subvault,
          nicolae_vaults_network_quincunx_subvault,
          nicolae_vaults_network_quincunx_subvault], grunt_vaults_hallway_long,
          vaults_room_pools, grunt_vaults_focal, vaults_room_pools,
          nicolae_vaults_diagonal_hallway_6, vaults_room_hangedman_quadrants,
          layout_vaults_chaotic_city
Vaults:2: v_misc_28, hangedman_vaults_impose, v_misc_23, v_alt_pattern_6,
          vaults_dpeg_encased_lava, nicolae_vaults_border_crossing,
          grunt_vaults_hallway_short, vaults_room_hallway, vaults_dpeg_ring,
          ontoclasm_vaults_chip, layout_vaults_omnigrid
Vaults:3: minmay_crypt_entry_simple_statues, v_misc_13, st_octagons_1,
          ontoclasm_vaults_gateway, v_alt_pattern_5, v_misc_16,
          hangedman_vaults_corner_blocks, ontoclasm_vaults_shuriken, v_misc_25,
          nicolae_vaults_angled_halls, dpeg_vaults_monster_row,
          vaults_room_corners, dpeg_vaults_monster_box, layout_vaults_omnicross,
          serial_shops, shop
Vaults:4: vaults_dpeg_cross, gammafunk_its_a_trap, hangedman_vaults_impose,
          v_misc_15, nicolae_vaults_ninety_degrees, v_misc_14,
          vaults_room_door_ring, nicolae_vaults_network_square, v_misc_4,
          v_misc_5, vaults_mumra_hex, grunt_vaults_hallway_short,
          layout_vaults_maze_snakey, serial_shops, shop
Depths:1: layout_cave_pools, hell_entry, roderic_roman_lattice,
          nicolae_abyss_entry_one_way_or_another, onia_ninara_cookie
Depths:2: minmay_the_grid_triangle_9x9_recursive_3_mashed
          [minmay_the_grid_triangle_9x9_checkered,
          minmay_the_grid_triangle_9x9_sprig,
          minmay_the_grid_triangle_9x9_steps,
          minmay_the_grid_triangle_9x9_prize_insulated,
          minmay_the_grid_triangle_9x9_cache,
          minmay_the_grid_triangle_9x9_flanged_cone,
          minmay_the_grid_triangle_9x9_pentomino_pain,
          minmay_the_grid_triangle_9x9_wacky_v,
          minmay_the_grid_triangle_9x9_alien], layout_cave_pools, serial_shops,
          nicolae_shop_stone, special_room [special_room_magic_class],
          hell_entry, kennysheep_diamond, kennysheep_generic_room_4

Skill      XL: |  1  2  3  4  5  6  7  8  9 10 11 12 13 14 15 16 17 18 19 20 21 22 23 |
---------------+----------------------------------------------------------------------+-----
Axes           | 4 6 7 8 10 12 13 14 16 17 18 19 | 19.6
Fighting       | 4 5 6 8 9 10 11 12 14 16 18 20 21 23 24 25 26 | 26.5
Shields        | 1 4 6 9 11 13 14 15 | 15.0
Armour         | 3 6 7 9 10 11 12 13 14 16 17 18 19 20 21 22 | 22.3
Dodging        | 3 4 8 10 12 13 14 15 17 18 | 18.5
Crossbows      | 6 9 10 | 10.1
Evocations     | 3 6 7 |  7.0

Action                   |  1- 3 |  4- 6 |  7- 9 | 10-12 | 13-15 | 16-18 | 19-21 | 22-24 || total
-------------------------+-------+-------+-------+-------+-------+-------+-------+-------++-------
Melee: Hand axe          |    69 |   133 |   292 |   418 |       |       |       |       ||   912
       Headbutt          |     9 |    22 |    60 |   101 |   230 |   215 |   386 |   271 ||  1294
       Trident           |       |       |       |    82 |    10 |       |       |       ||    92
       Broad axe         |       |       |       |       |   882 |   732 |  1192 |   780 ||  3586
 Fire: Hand crossbow     |       |       |       |    60 |   491 |   916 |   468 |    43 ||  1978
Throw: Javelin           |       |       |       |    13 |       |       |       |       ||    13
Invok: Berserk           |     1 |     1 |     6 |    16 |    12 |     4 |     7 |     2 ||    49
       Trog's Hand       |       |       |     1 |     4 |     6 |     7 |     5 |     9 ||    32
       Brothers in Arms  |       |       |       |     1 |     3 |     6 |     1 |     7 ||    18
Evoke: Wand              |       |       |       |       |       |       |       |     3 ||     3
  Use: Scroll            |       |       |     4 |     7 |     9 |    20 |     5 |     2 ||    47
       Potion            |       |       |       |       |       |     1 |     3 |     4 ||     8
 Stab: Distracted        |       |       |       |       |       |       |       |     1 ||     1
Armor: Leather armour    |    10 |       |       |       |       |       |       |       ||    10
       Animal skin       |     1 |       |       |       |       |       |       |       ||     1
       Scale mail        |     8 |     4 |       |       |       |       |       |       ||    12
       Chain mail        |       |    48 |    38 |       |       |       |       |       ||    86
       Plate armour      |       |       |    81 |   142 |   301 |   266 |   370 |   231 ||  1391
Dodge: Dodged            |    36 |    54 |    98 |   104 |   219 |   297 |   390 |   265 ||  1463
Block: Other             |       |       |       |    24 |       |       |       |       ||    24
       Reflection        |       |       |       |     2 |    24 |   211 |    89 |    15 ||   341
       Kite shield       |       |       |       |   204 |   821 |  1089 |  1095 |   628 ||  3837
